[Event "Late Titled Tuesday Blitz February 8 2022"]
[White "Ozen, Deniz"]
[Black "Paravyan, David"]
[WhiteFideId "6349196"]
[BlackFideId "4194985"]
[WhiteElo "2326"]
[BlackElo "2569"]
[Result "1-0"]
[Round "08"]
[TimeControl "180+1"]
[Date "2022.02.08"]
[WhiteClock "0:00:10"]
[BlackClock "0:00:08"]

1. d4 Nf6 2. Bf4 g6 3. Nc3 d5 4. e3 Bg7 5. h4 h5 6. Be2 O-O 7. Nf3 c5 8. dxc5 Qa5 9. O-O Qxc5 10. Nb5 Na6 11. Be5 Bd7 12. a4 Ng4 13. Bxg7 Kxg7 14. Qd4+ Qxd4 15. exd4 Rfc8 16. c3 Nc7 17. Rfe1 Ne8 18. Bd3 e6 19. Ne5 Ngf6 20. a5 a6 21. Na3 Nd6 22. Nxd7 Nxd7 23. Nc2 Nf6 24. Nb4 Rc7 25. Bf1 Rd8 26. f3 Nc4 27. Ra2 Nd6 28. Bd3 Rdc8 29. Ra3 Rh8 30. Nc2 Nd7 31. Ne3 Nb8 32. Rb3 Nc6 33. Ra1 Na7 34. Rb4 Nab5 35. Nc2 Rhc8 36. Na3 Na7 37. Nc2 Rd8 38. Ne3 Nc6 39. Rb3 Na7 40. Nc2 Nc6 41. Ne3 Na7 42. Kf2 Nab5 43. Rb4 Rdc8 44. g4 Rh8 45. g5 Rhc8 46. Ke2 Rd8 47. Kf2 Re8 48. Re1 Rce7 49. Rb3 Na7 50. Rb4 Nc6 51. Ra4 Rd7 52. Ra3 Red8 53. Rea1 Nc8 54. f4 Nd6 55. Rb3 Ne7 56. Rba3 Rc7 57. Rb3 Rdc8 58. Rba3 Kf8 59. Rb3 Ke8 60. Rb6 Kd7 61. Rb3 Rc6 62. Rba3 Kc7 63. Rb3 Kb8 64. Rba3 Ka7 65. Rb3 R6c7 66. Rba3 Rc6 67. Rb3 Rd8 68. Rba3 Rcc8 69. Rb3 Rd7 70. Rba3 Nc6 71. Rb3 Rdc7 72. Rba3 Rg8 73. Rb3 Re8 74. Rba3 Rf8 75. Rb3 Nb8 76. Kg2 Nd7 77. Rba3 Rg8 78. Rb3 Rf8 79. Kf2 f5 80. Kg2 Re8 81. Rba3 Nb8 82. Rb3 Nc6 83. Rb6 Rd8 84. Rb3 Ne4 85. Rba3 Rdc8 86. Rb3 Nb8 87. Rba3 Nc6 88. Rb3 Re7 89. Rba3 Rcc7 90. b4 Nd6 91. Rb1 Nb8 92. b5 axb5 93. Bxb5 Ne4 94. c4 Nd2 95. Rb4 dxc4 96. Nxc4 Nxc4 97. Rxc4 Rxc4 98. Bxc4 Nc6 99. d5 exd5 100. Bxd5 Nb4 101. Bf3 Nc2 102. Rc3 Ne1+ 103. Kg3 Ka6 104. Ra3 Nxf3 105. Kxf3 Re6 106. Rb3 Rc6 107. Kg3 Re6 108. Kf3 Ka7 109. Kg3 Ra6 110. Rb5 Rd6 111. Rb3 Ka6 112. Kf3 Rc6 113. Kg3 Ka7 114. Kf3 Kb8 115. Ke3 Kc7 116. Rb5 Re6+ 117. Kf3 Rd6 118. Ke3 Re6+ 119. Kf3 Rc6 120. Ke3 Rc3+ 121. Kd4 Rc6 122. Rc5 Kd7 123. Rxc6 Kxc6 124. Ke5 Kb5 125. Kf6 Kxa5 126. Kxg6 b5 127. Kh7 b4 128. g6 b3 129. g7 b2 130. g8=Q b1=Q 131. Qa8+ 1-0


[Site "https://www.chess.com"]

[Event "Late Titled Tuesday Blitz February 8 2022"]
[White "Pakleza, Zbigniew"]
[Black "Maksimovic, Bojan"]
[WhiteFideId "1119290"]
[BlackFideId "14408120"]
[WhiteElo "2467"]
[BlackElo "2450"]
[Result "1/2-1/2"]
[Round "08"]
[TimeControl "180+1"]
[Date "2022.02.08"]
[WhiteClock "0:00:09"]
[BlackClock "0:00:06"]

1. d4 Nf6 2. Nf3 g6 3. Bf4 Bg7 4. e3 O-O 5. Be2 d6 6. h3 Nbd7 7. O-O b6 8. c3 Bb7 9. Nbd2 c5 10. a4 a6 11. Bg3 Ne4 12. Nxe4 Bxe4 13. Nd2 Bb7 14. Bf3 Qc7 15. Re1 Rfb8 16. Qb3 Bxf3 17. Nxf3 Rc8 18. Bh4 Bf6 19. Bxf6 Nxf6 20. e4 cxd4 21. cxd4 Qc2 22. Qe3 Kg7 23. b4 Rc3 24. Qf4 Rac8 25. e5 Nd5 26. Qh4 h6 27. b5 a5 28. exd6 exd6 29. Qg3 Rd8 30. h4 Qf5 31. Rac1 Rxc1 32. Rxc1 Nf4 33. Re1 Rd7 34. Kh2 Rc7 35. Re8 Rc2 36. Rb8 Qf6 37. Rxb6 Ra2 38. Ne5 Nh5 39. Qg4 Rxf2 40. Nd3 Rd2 41. Qe4 d5 42. Qe5 Qxe5+ 43. Nxe5 Rxd4 44. Nf3 Rxa4 45. Rd6 Rb4 46. Rxd5 a4 47. Nd4 Nf4 48. Rd7 a3 49. Nc6 Rxb5 50. Nd8 Rf5 51. Ra7 Ne2 52. Ne6+ Kf6 53. Nd8 Ke5 54. Nxf7+ Kf6 55. Nxh6 Rf4 56. g3 Rf2+ 57. Kh3 Ng1+ 58. Kg4 a2 59. Ra6+ Ke5 60. Ra5+ Kd4 61. Kg5 Kc3 62. Kxg6 Kb4 63. Ra8 Kb3 64. g4 Rf1 65. Rxa2 Kxa2 66. g5 Nf3 67. h5 Nh4+ 68. Kh7 Rg1 69. g6 Nxg6 70. hxg6 Rxg6 71. Kxg6 1/2-1/2


[Site "https://www.chess.com"]

[Event "Late Titled Tuesday Blitz February 8 2022"]
[White "Papp, Petra"]
[Black "Ambartsumova, Karina"]
[WhiteFideId "739049"]
[BlackFideId "4166299"]
[WhiteElo "2259"]
[BlackElo "2262"]
[Result "0-1"]
[Round "08"]
[TimeControl "180+1"]
[Date "2022.02.09"]
[WhiteClock "0:00:02"]
[BlackClock "0:00:10"]

1. e4 e5 2. Nf3 Nc6 3. Bc4 Nf6 4. d3 Bc5 5. O-O O-O 6. h3 d5 7. exd5 Nxd5 8. Re1 f6 9. Nc3 Be6 10. d4 Bb4 11. dxe5 Bxc3 12. bxc3 Na5 13. exf6 Nxc4 14. Rxe6 Nxf6 15. Qxd8 Raxd8 16. Bg5 Rd7 17. Bxf6 Rxf6 18. Rxf6 gxf6 19. Kf1 Kf7 20. Ke2 Re7+ 21. Kf1 Rd7 22. Rb1 b6 23. Rb4 Na3 24. Ne1 a5 25. Rd4 Re7 26. Rd8 Nb5 27. c4 Na3 28. Rh8 Kg7 29. Rd8 Nxc4 30. Nf3 Na3 31. Nd4 Kf7 32. Nf5 Re5 33. Ne3 Rc5 34. Rd7+ Ke6 35. Rxh7 Nxc2 36. Nxc2 Rxc2 37. h4 a4 38. h5 Rxa2 39. Rxc7 Ra1+ 40. Ke2 Kd6 41. Ra7 b5 42. h6 Rh1 43. h7 Kc5 44. Kd3 Kb4 45. g4 Kb3 46. Ke4 a3 47. Kf5 a2 48. Kxf6 Rxh7 49. Rb7 Rxb7 50. g5 a1=Q+ 0-1


[Site "https://www.chess.com"]

[Event "Late Titled Tuesday Blitz February 8 2022"]
[White "Pavlidou, Ekaterini"]
[Black "Glavina, Pablo"]
[WhiteFideId "4213262"]
[BlackFideId "100234"]
[WhiteElo "2127"]
[BlackElo "2369"]
[Result "0-1"]
[Round "08"]
[TimeControl "180+1"]
[Date "2022.02.09"]
[WhiteClock "0:00:16"]
[BlackClock "0:01:27"]

1. d4 d5 2. c4 e6 3. Nc3 Nf6 4. cxd5 exd5 5. Bg5 Be7 6. e3 O-O 7. Bd3 c6 8. Nf3 Nbd7 9. O-O Re8 10. Qc2 Nf8 11. h3 g6 12. Ne5 Ne6 13. Bh6 Nd7 14. f4 Nxe5 15. dxe5 d4 16. exd4 Nxd4 17. Qd1 Nf5 18. Bxf5 Bxf5 19. Qf3 Qd3 20. Qxd3 Bxd3 21. Rf3 Rad8 22. g4 b5 23. Rd1 Bc2 24. Rc1 Bd3 25. Rd1 Bc4 26. f5 Rxd1+ 27. Nxd1 Bc5+ 28. Be3 Rxe5 29. Bxc5 Rxc5 30. b3 Be2 31. Rc3 Rxc3 32. Nxc3 Bd3 33. f6 Kf8 34. Kf2 h5 35. g5 h4 36. Nd1 Bf5 37. Kg2 Ke8 38. Ne3 Be6 39. Nc2 c5 40. Ne1 c4 41. bxc4 Bxc4 42. a3 a5 43. Kf3 Be6 44. Kf4 Kd7 45. Nf3 b4 46. axb4 a4 47. Ne5+ Kd6 48. Nd3 a3 49. Nc1 Bxh3 50. Nb3 Be6 51. Na1 a2 0-1


[Site "https://www.chess.com"]

[Event "Late Titled Tuesday Blitz February 8 2022"]
[White "Petersson, Kjell"]
[Black "Cupid, Kevin"]
[WhiteFideId "1705148"]
[BlackFideId "7700512"]
[WhiteElo "2009"]
[BlackElo "2096"]
[Result "0-1"]
[Round "08"]
[TimeControl "180+1"]
[Date "2022.02.09"]
[WhiteClock "0:00:02"]
[BlackClock "0:00:06"]

1. d4 Nf6 2. Bf4 e6 3. e3 c5 4. Nf3 Qb6 5. Qc1 Nc6 6. c3 d6 7. Bd3 Bd7 8. h3 Rc8 9. O-O cxd4 10. exd4 Be7 11. Re1 O-O 12. Nbd2 a6 13. Nc4 Qc7 14. a4 Na5 15. Nxa5 Qxa5 16. Qc2 Rfe8 17. Bg5 h6 18. Bf4 Bf8 19. Qd2 Bc6 20. Qe2 Qh5 21. Nd2 Qa5 22. Nc4 Qc7 23. a5 Rcd8 24. Nb6 Nd5 25. Nxd5 Bxd5 26. Qg4 f5 27. Qg3 Kh7 28. Qe3 Qf7 29. Qd2 Kh8 30. c4 Bc6 31. b4 Qf6 32. b5 axb5 33. cxb5 Bd5 34. Be3 e5 35. dxe5 dxe5 36. Qc2 e4 37. Be2 f4 38. Bb6 Rc8 39. Qd2 Bc4 40. Bxc4 Rxc4 41. a6 bxa6 42. Ba5 axb5 43. Rab1 Qg5 44. Rxb5 Qxb5 45. Bc3 Qf5 46. Qb2 Rec8 47. Bd4 Kh7 48. Ra1 f3 49. Ra7 R4c7 50. Ra3 Qg5 51. g3 Qc1+ 52. Qxc1 Rxc1+ 53. Kh2 Bc5 54. Be5 Bxf2 55. Ra7 Rg8 56. h4 e3 57. Bd4 Bg1+ 58. Kh3 e2 59. Bxg1 Rxg1 60. Re7 e1=Q 61. Rxg7+ Rxg7 62. h5 Rh1# 0-1


[Site "https://www.chess.com"]

[Event "Late Titled Tuesday Blitz February 8 2022"]
[White "Pichot, Alan"]
[Black "Plotkin, Mark"]
[WhiteFideId "110973"]
[BlackFideId "2611651"]
[WhiteElo "2543"]
[BlackElo "2178"]
[Result "0-1"]
[Round "08"]
[TimeControl "180+1"]
[Date "2022.02.08"]
[WhiteClock "0:00:19"]
[BlackClock "0:01:19"]

1. e4 e5 2. Nf3 Nc6 3. Bb5 a6 4. Ba4 g6 5. Bxc6 dxc6 6. c3 Bg7 7. d4 exd4 8. cxd4 Ne7 9. h3 O-O 10. O-O Re8 11. Nc3 Be6 12. Bf4 Nc8 13. Qd2 Nd6 14. Rad1 Qe7 15. Rfe1 Rad8 16. Bg5 f6 17. Bf4 Qf7 18. b3 Nb5 19. Nxb5 axb5 20. Qc2 g5 21. Bg3 g4 22. hxg4 Bxg4 23. Re3 f5 24. exf5 Bxf5 25. Qe2 Bg4 26. Re1 Rxe3 27. fxe3 Rf8 28. Rf1 Qg6 29. Bxc7 Qe4 30. Rf2 Bh6 31. Nd2 Bxe3 32. Kh2 Rxf2 0-1


[Site "https://www.chess.com"]

[Event "Late Titled Tuesday Blitz February 8 2022"]
[White "Pinheiro, Iung Alicio de O."]
[Black "Yuan, Qingyu"]
[WhiteFideId "2104350"]
[BlackFideId "8609772"]
[WhiteElo "2597"]
[BlackElo "2359"]
[Result "1-0"]
[Round "08"]
[TimeControl "180+1"]
[Date "2022.02.08"]
[WhiteClock "0:00:10"]
[BlackClock "0:00:03"]

1. e4 c6 2. d4 d5 3. e5 c5 4. dxc5 e6 5. a3 Bxc5 6. Qg4 Ne7 7. b4 h5 8. Qg3 Nf5 9. Qf4 Bd4 10. c3 Bb6 11. Bd3 Nc6 12. Nf3 Bc7 13. Bxf5 exf5 14. O-O f6 15. Qg3 Kf7 16. e6+ Bxe6 17. Bf4 Rc8 18. Nbd2 h4 19. Bxc7 Rxc7 20. Qf4 g5 21. Qe3 Qd6 22. Nb3 Ne5 23. Rfe1 Nc4 24. Qe2 Bc8 25. Nc5 g4 26. Nd4 g3 27. fxg3 hxg3 28. h3 Ne5 29. Rf1 b6 30. Nd3 Ba6 31. Nxe5+ fxe5 32. Rxf5+ Kg8 33. Qg4+ Rg7 34. Rg5 Qf6 35. Rxg7+ Qxg7 36. Qe6+ Qf7 37. Qg4+ Kh7 38. Nf3 Qf4 39. Qh5+ Kg7 40. Qxe5+ Qxe5 41. Nxe5 Re8 42. Nf3 Re3 43. Rc1 Bc4 44. Nd4 Rd3 45. a4 Kg6 46. Nc6 a6 47. Ne5+ Kf5 48. Nxd3 Bxd3 49. Rd1 Ke4 50. Re1+ Kf4 51. Re6 b5 52. a5 Be4 53. Rxa6 Ke3 54. Rb6 d4 55. cxd4 Bd3 56. a6 1-0


[Site "https://www.chess.com"]

[Event "Late Titled Tuesday Blitz February 8 2022"]
[White "Postnikov, Daniil"]
[Black "Peatman, Carter"]
[WhiteFideId "4166329"]
[BlackFideId "2096480"]
[WhiteElo "2261"]
[BlackElo "2419"]
[Result "1-0"]
[Round "08"]
[TimeControl "180+1"]
[Date "2022.02.09"]
[WhiteClock "0:00:18"]
[BlackClock "0:00:17"]

1. e4 c5 2. Nf3 Nc6 3. Bb5 g6 4. Bxc6 bxc6 5. O-O Bg7 6. Re1 Nh6 7. Nc3 f6 8. e5 O-O 9. d3 d6 10. exd6 exd6 11. d4 c4 12. d5 c5 13. Bf4 Bf5 14. Nd2 Qd7 15. Nxc4 Rfe8 16. Qd2 Nf7 17. a4 Rab8 18. Nb5 Bf8 19. Rxe8 Rxe8 20. Bg3 a6 21. Nc3 h5 22. a5 Qe7 23. Ne3 Bc8 24. Re1 Bh6 25. Re2 Qc7 26. Qd3 Kg7 27. Nc4 Rxe2 28. Qxe2 Ne5 29. Bxe5 fxe5 30. Ne4 Bd7 31. Nexd6 Kg8 32. Qxe5 Bg7 33. Qe7 1-0


[Site "https://www.chess.com"]

[Event "Late Titled Tuesday Blitz February 8 2022"]
[White "Potapova, Margarita"]
[Black "Ruiz Aguilar, Pablo Alexander"]
[WhiteFideId "14126869"]
[BlackFideId "4401352"]
[WhiteElo "2209"]
[BlackElo "2125"]
[Result "1-0"]
[Round "08"]
[TimeControl "180+1"]
[Date "2022.02.09"]
[WhiteClock "0:02:16"]
[BlackClock "0:00:46"]

1. e4 c5 2. g3 g6 3. Bg2 Bg7 4. Ne2 Nc6 5. d3 e6 6. c4 Nge7 7. Nbc3 O-O 8. h4 h5 9. g4 hxg4 10. h5 gxh5 11. Nf4 h4 12. Qxg4 Ng6 13. Nxg6 fxg6 14. Bg5 Bf6 15. Qxh4 Rf7 16. e5 Nxe5 17. Ne4 Qa5+ 18. Kf1 Bg7 19. Bf6 Bxf6 20. Nxf6+ Kg7 21. Qh8# 1-0


[Site "https://www.chess.com"]

[Event "Late Titled Tuesday Blitz February 8 2022"]
[White "Pranav, V"]
[Black "Smirnov, Pavel"]
[WhiteFideId "25060783"]
[BlackFideId "4123425"]
[WhiteElo "2349"]
[BlackElo "2571"]
[Result "1-0"]
[Round "08"]
[TimeControl "180+1"]
[Date "2022.02.08"]
[WhiteClock "0:00:07"]
[BlackClock "0:00:01"]

1. e4 e5 2. Nf3 Nc6 3. Bb5 a6 4. Ba4 Nf6 5. O-O Be7 6. d3 d6 7. c4 O-O 8. Nc3 Bg4 9. h3 Bxf3 10. Qxf3 Nd4 11. Qd1 Rb8 12. Be3 b5 13. cxb5 axb5 14. Bb3 c6 15. Bxd4 exd4 16. Ne2 c5 17. a4 bxa4 18. Rxa4 Qb6 19. Bc4 Qxb2 20. Nf4 g6 21. Nd5 Nxd5 22. Bxd5 Kg7 23. Ra7 Bf6 24. f4 Rbe8 25. Qa4 Qb8 26. Rb7 Qd8 27. Rfb1 Re7 28. Qa7 Rfe8 29. Qa2 Rxb7 30. Rxb7 Re7 31. Rb1 Qc7 32. g4 h6 33. Qa8 Rd7 34. Rf1 Rd8 35. Qa6 Rb8 36. e5 dxe5 37. g5 Bd8 38. fxe5 Rb6 39. Qc4 Qxe5 40. Rxf7+ Kh8 41. Rf8+ Kg7 42. Rf1 Qg3+ 43. Bg2 Qe3+ 44. Kh1 Qe7 45. gxh6+ Kxh6 46. Qg8 Rb2 47. Be4 Qd6 48. Qh8+ Kg5 49. Rg1+ Kf4 50. Qh6+ Ke5 51. Rf1 1-0


[Site "https://www.chess.com"]

[Event "Late Titled Tuesday Blitz February 8 2022"]
[White "Pulvett Marin, Daniel Eduardo"]
[Black "Ibarra Jerez, Jose Carlos"]
[WhiteFideId "3900410"]
[BlackFideId "2226332"]
[WhiteElo "2413"]
[BlackElo "2626"]
[Result "0-1"]
[Round "08"]
[TimeControl "180+1"]
[Date "2022.02.08"]
[WhiteClock "0:00:21"]
[BlackClock "0:00:26"]

1. d4 Nf6 2. c4 d6 3. Nc3 e5 4. d5 Nbd7 5. e4 Nc5 6. f3 a5 7. Be3 Nfd7 8. Qd2 Be7 9. O-O-O h6 10. g3 a4 11. Kb1 c6 12. h4 Qa5 13. Nge2 Nb6 14. Nc1 cxd5 15. cxd5 Bd7 16. Rh2 O-O 17. g4 Rfc8 18. a3 Nb3 19. Nxb3 axb3 20. Rc1 Nc4 21. Bxc4 Rxc4 22. Ne2 Qa6 23. Rhh1 Rxc1+ 24. Nxc1 Qc4 25. Qd3 Qxd3+ 26. Nxd3 Bb5 27. Nc1 Bc4 28. Bd2 Kf8 29. h5 Ke8 30. Rg1 Bh4 31. g5 hxg5 32. Bxg5 Bf2 33. Rg2 Bd4 34. h6 gxh6 35. Bxh6 Ke7 36. Rg7 Rh8 37. Bg5+ Kf8 38. Bf6 Rh1 0-1


[Site "https://www.chess.com"]

[Event "Late Titled Tuesday Blitz February 8 2022"]
[White "Quirke, Jeffrey"]
[Black "Garagulya, Konstantin"]
[WhiteFideId "2013029"]
[BlackFideId "4128931"]
[WhiteElo "2268"]
[BlackElo "2329"]
[Result "0-1"]
[Round "08"]
[TimeControl "180+1"]
[Date "2022.02.09"]
[WhiteClock "0:00:09"]
[BlackClock "0:00:13"]

1. d4 Nf6 2. c4 e6 3. Nc3 d5 4. cxd5 exd5 5. Bg5 Be7 6. e3 O-O 7. Bd3 h6 8. Bh4 b6 9. Nf3 Bb7 10. O-O Nbd7 11. Rc1 a6 12. Qc2 c5 13. dxc5 bxc5 14. Rfd1 Re8 15. Bf1 Qa5 16. a3 Rac8 17. Qa4 Qb6 18. b4 cxb4 19. axb4 Qxb4 20. Qxb4 Bxb4 21. Ne2 a5 22. Ned4 Ne4 23. Bb5 Nec5 24. Nf5 Ra8 25. Nd6 Reb8 26. Nxb7 Rxb7 27. Bc6 Rba7 28. Bxa8 Rxa8 29. Rxd5 a4 30. Be7 a3 31. Bxc5 Nxc5 32. Ra1 Nb3 33. Rdd1 Nxa1 34. Rxa1 a2 0-1


[Site "https://www.chess.com"]

[Event "Late Titled Tuesday Blitz February 8 2022"]
[White "Ramirez, Alejandro"]
[Black "Kim, Sergey"]
[WhiteFideId "6500617"]
[BlackFideId "13700570"]
[WhiteElo "2694"]
[BlackElo "2620"]
[Result "1-0"]
[Round "08"]
[TimeControl "180+1"]
[Date "2022.02.08"]
[WhiteClock "0:00:50"]
[BlackClock "0:00:28"]

1. d4 Nf6 2. c4 g6 3. g3 Bg7 4. Bg2 O-O 5. Nc3 d6 6. Nf3 Nbd7 7. O-O e5 8. e4 exd4 9. Nxd4 Re8 10. h3 Nc5 11. Re1 c6 12. Bg5 h6 13. Bf4 Nh5 14. Be3 a5 15. Qc2 a4 16. Rad1 Qa5 17. Nde2 Re6 18. Nd4 Re8 19. Nde2 Re6 20. Rd2 Qb4 21. Nd4 Re8 22. a3 Qa5 23. Red1 Nf6 24. Nde2 Be6 25. Rxd6 Bxc4 26. Nd4 Ne6 27. Qd2 Nxd4 28. Bxd4 Be6 29. e5 Nh7 30. Ne4 Qxd2 31. Rxd2 Ra5 32. f4 Rb5 33. Bf1 Ra5 34. Bb6 Raa8 35. Bg2 Ra6 36. Rd8 Ra8 37. Rxe8+ Rxe8 38. Nd6 Rb8 39. Bc7 Ra8 40. Nxb7 Ra7 41. Bxc6 Bxh3 42. Rd8+ Nf8 43. Bd6 Be6 44. Nc5 Ba2 45. Bxa4 1-0


[Site "https://www.chess.com"]

[Event "Late Titled Tuesday Blitz February 8 2022"]
[White "Reprintsev, Alexander"]
[Black "Barp, Alberto"]
[WhiteFideId "14100541"]
[BlackFideId "872555"]
[WhiteElo "2126"]
[BlackElo "2229"]
[Result "0-1"]
[Round "08"]
[TimeControl "180+1"]
[Date "2022.02.09"]
[WhiteClock "0:00:03"]
[BlackClock "0:00:14"]

1. e4 c6 2. Nc3 d5 3. Nf3 Nf6 4. e5 Ne4 5. Ne2 Qb6 6. Ned4 c5 7. Nb3 c4 8. Nbd4 Bg4 9. c3 Nc6 10. Qa4 Bxf3 11. gxf3 Nc5 12. Qb5 Qxb5 13. Nxb5 O-O-O 14. d4 cxd3 15. f4 e6 16. Be3 f6 17. exf6 gxf6 18. Bh3 Re8 19. O-O-O Kb8 20. Rhe1 a6 21. Nd4 e5 22. Nxc6+ bxc6 23. b4 Ne4 24. Rxd3 Kc7 25. f3 Nd6 26. fxe5 fxe5 27. Bc5 Nc4 28. Bxf8 Rhxf8 29. Rf1 Rf4 30. Bg4 e4 31. Rd4 Ne5 32. Bh5 Ref8 33. Rg1 exf3 34. Rf1 R4f5 35. Rh4 Rf4 36. Rxf4 Rxf4 37. Kd2 Rf5 38. Be8 Kd8 39. Bxc6 Nxc6 40. Ke3 Ne5 41. Kd4 f2 42. Kxd5 Ng4+ 43. Ke6 Rf6+ 44. Kd5 Nxh2 0-1


[Site "https://www.chess.com"]

[Event "Late Titled Tuesday Blitz February 8 2022"]
[White "Riehle, Marco"]
[Black "Krstulovic, Alex"]
[WhiteFideId "12904392"]
[BlackFideId "760056"]
[WhiteElo "2462"]
[BlackElo "2193"]
[Result "1-0"]
[Round "08"]
[TimeControl "180+1"]
[Date "2022.02.09"]
[WhiteClock "0:01:40"]
[BlackClock "0:00:09"]

1. e4 c5 2. a3 g6 3. h4 h5 4. Nc3 Bg7 5. Bc4 Nc6 6. d3 d6 7. Nf3 Bg4 8. Bg5 Ne5 9. Bb5+ Kf8 10. Nxe5 Bxd1 11. Nd7+ Qxd7 12. Bxd7 Bxc2 13. Kd2 Bb3 14. Bh3 Bh6 15. Rac1 a6 16. Be3 Be6 17. Bxe6 fxe6 18. b4 cxb4 19. axb4 Bxe3+ 20. fxe3 Nf6 21. Na4 Kf7 22. Rc7 Rab8 23. Nb6 Rhd8 24. Rf1 e5 25. Nd7 Ke6 26. Nxb8 Rxb8 27. Rfc1 Rg8 28. Rxb7 g5 29. Rcc7 d5 30. Rxe7+ Kd6 31. Rf7 Ne8 32. Rb6# 1-0


[Site "https://www.chess.com"]

[Event "Late Titled Tuesday Blitz February 8 2022"]
[White "Rodrigues Mota, Romulo Cardoso S"]
[Black "Morris-Suzuki, Sophie"]
[WhiteFideId "2187442"]
[BlackFideId "30922615"]
[WhiteElo "1719"]
[BlackElo "2440"]
[Result "0-1"]
[Round "08"]
[TimeControl "180+1"]
[Date "2022.02.09"]
[WhiteClock "0:02:33"]
[BlackClock "0:02:23"]

1. e4 c5 2. Nf3 e6 3. d4 cxd4 4. Nxd4 a6 5. Nc3 Qc7 6. Be2 b5 7. O-O Bb7 8. Bf3 d6 9. Re1 Be7 10. a4 b4 11. Nce2 Nf6 12. Ng3 Nbd7 13. Bg5 O-O 14. a5 Ne5 15. Bxf6 Bxf6 16. Nh5 Nxf3+ 17. Qxf3 Bxd4 18. c3 bxc3 19. bxc3 Qxc3 20. Qg4 f5 21. exf5 Rxf5 22. Qf4 Rxf4 0-1


[Site "https://www.chess.com"]

[Event "Late Titled Tuesday Blitz February 8 2022"]
[White "Roman, Rodrigo"]
[Black "Vargas Pereda, Jesus Manue"]
[WhiteFideId "3701220"]
[BlackFideId "5115710"]
[WhiteElo "2001"]
[BlackElo "1762"]
[Result "1-0"]
[Round "08"]
[TimeControl "180+1"]
[Date "2022.02.09"]
[WhiteClock "0:00:10"]
[BlackClock "0:00:03"]

1. c3 Nf6 2. Qa4 g6 3. f3 Bg7 4. Qh4 O-O 5. Kd1 d5 6. Qe1 Nc6 7. e3 e5 8. d4 exd4 9. exd4 Bf5 10. Qf2 Qd6 11. g4 Be6 12. Bd3 Na5 13. Ne2 Nc4 14. Kc2 Rac8 15. b3 Nb6 16. Bf4 Qd8 17. h4 Qe7 18. h5 c5 19. hxg6 fxg6 20. Be5 cxd4 21. Qxd4 Nbd7 22. Nf4 Nxe5 23. Qxe5 Rfe8 24. Re1 Rc6 25. Bb5 Nxg4 26. Qe2 Bf5+ 27. Kb2 Qxe2+ 28. Nxe2 Ne5 29. Bxc6 bxc6 30. Nc1 Kf7 31. Nd2 c5 32. f4 Nd3+ 33. Nxd3 Bxd3 34. Rxe8 Kxe8 35. Re1+ Kf7 36. Nf3 c4 37. Ne5+ Bxe5 38. Rxe5 h5 39. Rxd5 Kf6 40. bxc4 Bxc4 41. Rc5 Be6 42. Ra5 h4 43. Rxa7 h3 44. Rh7 Bg4 45. Rh4 Kf5 46. a4 Kxf4 47. a5 g5 48. Rh8 Kg3 49. a6 Bf3 50. a7 h2 51. Rg8 g4 52. c4 h1=Q 53. Kc3 Qe1+ 54. Kb3 Qb1+ 55. Kc3 Qa1+ 56. Kd3 Qxa7 57. Rd8 Qe7 58. Rd4 Qe2+ 59. Kc3 Be4 60. c5 Kf3 61. Kb4 Ke3 62. Rc4 Qb2+ 63. Ka5 Bd5 64. Rb4 Qa3+ 65. Kb5 Bc6+ 66. Kc4 Qxb4+ 67. Kxb4 g3 68. Ka5 g2 69. Kb6 1-0


[Site "https://www.chess.com"]

[Event "Late Titled Tuesday Blitz February 8 2022"]
[White "Rorrer, Grayson"]
[Black "Wachinger, Guenther"]
[WhiteFideId "30944996"]
[BlackFideId "4604261"]
[WhiteElo "2122"]
[BlackElo "2212"]
[Result "0-1"]
[Round "08"]
[TimeControl "180+1"]
[Date "2022.02.09"]
[WhiteClock "0:01:28"]
[BlackClock "0:01:40"]

1. e4 c5 2. Nf3 d6 3. d4 cxd4 4. Nxd4 Nf6 5. Nc3 g6 6. Be3 Bg7 7. f3 O-O 8. Qd2 Nc6 9. O-O-O d5 10. Nxc6 bxc6 11. exd5 Nxd5 12. Bd4 Bxd4 13. Qxd4 Qb6 14. Na4 Qa5 15. b3 Be6 16. Qc5 Qc7 17. Bc4 Rfd8 18. g3 Qe5 19. Qd4 Qxd4 20. Rxd4 Nb6 21. Rxd8+ Rxd8 22. Nxb6 axb6 23. Bxe6 fxe6 24. Re1 Kf7 25. f4 Kf6 26. Re4 Rd6 27. a4 c5 28. c3 Kf5 29. Re5+ Kg4 30. a5 Kh3 31. a6 b5 32. Rxc5 Rxa6 33. Rxb5 Kxh2 34. Rg5 e5 35. Rxe5 Kxg3 36. Rxe7 h5 37. Rf7 h4 38. f5 g5 39. b4 h3 40. Kb2 Rh6 41. Rd7 h2 42. Rd1 h1=Q 43. Rxh1 Rxh1 44. b5 Kf4 45. c4 g4 46. b6 g3 47. b7 Rh8 48. c5 g2 49. c6 g1=Q 50. c7 Qb6+ 51. Kc2 Qxc7+ 52. Kd2 Qxb7 0-1


[Site "https://www.chess.com"]

[Event "Late Titled Tuesday Blitz February 8 2022"]
[White "Rudykh, Stepan"]
[Black "Prohorov, Olexandr"]
[WhiteFideId "4180321"]
[BlackFideId "14105578"]
[WhiteElo "2142"]
[BlackElo "1993"]
[Result "1-0"]
[Round "08"]
[TimeControl "180+1"]
[Date "2022.02.09"]
[WhiteClock "0:01:38"]
[BlackClock "0:02:38"]

1. e4 c5 2. Nf3 e6 3. d4 cxd4 4. Nxd4 Qb6 5. Nb3 Nf6 6. Bd3 d5 7. e5 Nfd7 8. Qe2 Nc6 9. Be3 Qc7 10. f4 b6 11. O-O Nb4 12. Nc3 Nxd3 13. cxd3 Ba6 14. Rac1 Qb7 15. Nd4 Bc5 16. a3 O-O 17. b4 Bxd4 18. Bxd4 Rac8 19. b5 1-0


[Site "https://www.chess.com"]

[Event "Late Titled Tuesday Blitz February 8 2022"]
[White "Sadhwani, Raunak"]
[Black "Nepomniachtchi, Ian"]
[WhiteFideId "35093487"]
[BlackFideId "4168119"]
[WhiteElo "2616"]
[BlackElo "2740"]
[Result "1/2-1/2"]
[Round "08"]
[TimeControl "180+1"]
[Date "2022.02.08"]
[WhiteClock "0:00:55"]
[BlackClock "0:00:43"]

1. d4 Nf6 2. Nf3 e6 3. c4 d5 4. g3 Be7 5. Bg2 O-O 6. O-O dxc4 7. Ne5 Nc6 8. Bxc6 bxc6 9. Nxc6 Qe8 10. Nxe7+ Qxe7 11. Qa4 e5 12. dxe5 Qxe5 13. Qxc4 Bb7 14. Nc3 Rfe8 15. f3 Rad8 16. e4 Qd6 17. Bf4 Qb6+ 18. Rf2 c5 19. Qb5 Rd7 20. Qxb6 axb6 21. a4 h6 22. Rd2 Rxd2 23. Bxd2 g5 24. h3 Nd7 25. f4 Nf6 26. e5 Rd8 27. Be3 Rd3 28. Kf2 Nd5 29. Nxd5 Bxd5 30. fxg5 hxg5 31. g4 Rb3 32. Rd1 Rxb2+ 33. Rd2 Rxd2+ 34. Bxd2 Bc6 35. a5 bxa5 36. Bxa5 Kh7 1/2-1/2


[Site "https://www.chess.com"]

[Event "Late Titled Tuesday Blitz February 8 2022"]
[White "Sarkar, Justin"]
[Black "Jaskolka, Tomasz"]
[WhiteFideId "2010011"]
[BlackFideId "1170791"]
[WhiteElo "2038"]
[BlackElo "2054"]
[Result "0-1"]
[Round "08"]
[TimeControl "180+1"]
[Date "2022.02.09"]
[WhiteClock "0:00:01"]
[BlackClock "0:01:02"]

1. e4 c5 2. Nf3 e6 3. d4 cxd4 4. Nxd4 Nc6 5. Nb5 d6 6. c4 Nf6 7. N1c3 a6 8. Nd4 Be7 9. Be2 O-O 10. O-O d5 11. cxd5 exd5 12. exd5 Nxd5 13. Nxc6 bxc6 14. Nxd5 cxd5 15. Bf3 Be6 16. Be3 Rb8 17. Bd4 Qd7 18. b3 Rfc8 19. Qd3 Qb5 20. Qxb5 axb5 21. a4 bxa4 22. bxa4 Bc5 23. Bxc5 Rxc5 24. h3 Kf8 25. Rfb1 Rxb1+ 26. Rxb1 Ra5 27. Rb4 Ke7 28. Be2 Bd7 29. Bb5 Bxb5 30. axb5 Kd6 31. b6 Ra1+ 32. Kh2 Ra8 33. b7 Rb8 34. Kg3 Kc6 35. Rg4 g6 36. Rh4 h5 37. Kf4 f6 38. Ke3 Rxb7 39. Rf4 Rb3+ 40. Kd4 Rb4+ 41. Ke3 Rxf4 42. Kxf4 Kc5 0-1


[Site "https://www.chess.com"]